 Dungeon Crawl Stone Soup version 0.28-a0-691-gad6df49e81 (webtiles) character file.

Game seed: 6846448798142061819

704 shoop the Shooter (level 7, -6/50 HPs)
             Began as a Barachi Arcane Marksman on Oct 21, 2021.
             Killed by an exploding hound (37 damage)
             ... ignited by their inner flame
             ... on level 5 of the Dungeon.
             The game lasted 00:19:50 (6972 turns).

shoop the Shooter (Barachi Arcane Marksman)         Turns: 6972, Time: 00:19:51

Health: -6/50      AC:  2    Str: 12    XL:     7   Next: 66%
Magic:  8/11       EV: 12    Int: 15    God:
Gold:   403        SH:  0    Dex: 12    Spells: 4/11 levels left

rFire   . . .      SeeInvis .   a - +0 shortbow
rCold   . . .      Faith    .   (shield currently unavailable)
rNeg    . . .      Spirit   .   d - +0 robe
rPois   .          Reflect  .   (no helmet)
rElec   .          Harm     .   (no cloak)
rCorr   .          Rampage  .   (no gloves)
Will    .....                   (no boots)
Stlth   ++........              (no amulet)
HPRegen 0.16/turn               (no ring)
MPRegen 0.12/turn               (no ring)

@: slow
A: amphibious, slowness 1, strong legs 1, +LOS
a: Hop


You were on level 5 of the Dungeon.
You visited 1 branch of the dungeon, and saw 5 of its levels.

You collected 413 gold pieces.
You spent 10 gold pieces at shops.

Inventory:

Hand Weapons
 a - a +0 shortbow (weapon)
 b - a +2 dagger of venom
 s - a +0 short sword
Missiles
 c - 64 arrows (quivered ammo)
 j - 11 javelins
 t - a throwing net
Armour
 d - a +0 robe (worn)
 i - a +0 ring mail
Magical Staves
 o - a staff of poison
Scrolls
 f - a scroll of noise
 g - 2 scrolls of amnesia {unknown}
 h - a scroll of enchant armour {unknown}
 k - 2 scrolls of immolation {unknown}
 l - a scroll of identify {unknown}
 n - 2 scrolls of teleportation {unknown}
 u - a scroll of acquirement {unknown}
Potions
 e - 2 potions of degeneration {unknown}
 m - a potion of curing {unknown}
 p - a potion of magic {unknown}
 q - a potion of flight {unknown}
 r - 2 potions of heal wounds {unknown}


   Skills:
 - Level 2.0 Fighting
 * Level 6.2 Bows
 - Level 2.3 Dodging
 - Level 2.0 Stealth
 + Level 2.7 Spellcasting
 * Level 5.0 Hexes
 - Level 2.0 Fire Magic


You had 4 spell levels left.
You knew the following spells:

 Your Spells              Type           Power      Damage    Failure   Level
a - Inner Flame           Hex/Fire       12%        N/A       14%         3
f - Cause Fear            Hex            8%         N/A       26%         4

Your spell library contained the following spells:

 Spells                   Type           Power      Damage    Failure   Level
 Slow                     Hex            17%        N/A       4%          2
 Freeze                   Ice            8%         1d3       21%         1
 Portal Projectile        Hex/Tloc       18%        N/A       22%         3
 Frozen Ramparts          Ice            4%         1d2       52%         3
 Hailstorm                Conj/Ice       2%         3d3       90%         4


Dungeon Overview and Level Annotations

Branches:
Dungeon (5/15)
 Temple: D:4-7

Altars:
Xom
Zin

Shops:
D:1 *

Annotations:
D:5 1 transporter


Innate Abilities, Weirdness & Mutations

You are amphibious.
You cover ground slowly.
You can hop short distances.
You have an extended range of vision and can be seen from far away.


Message History

There is an open door here.
You shoot an arrow. The arrow barely misses the hound.
You shoot an arrow. The arrow barely misses the hound.
The hound bites you.
You shoot an arrow. The arrow closely misses the hound.
The hound bites you.
You shoot an arrow.
The arrow hits the hound but does no damage.
The hound bites you.
You shoot an arrow. The arrow closely misses the hound.
The arrow closely misses the centaur.
The hound closely misses you. The hound misses you.
Casting: Inner Flame (dangerous; 14% risk of failure)
Confirm with . or Enter, or press ? or * to list all spells.
Aiming: Inner Flame (dangerous; 14% risk of failure)
Press: ? - help, Shift-Dir - straight line, f/p - hound
Aim: a hound (chance to affect: 72%)
The hound is filled with an inner flame.
The hound bites you.
Unknown command.
Fire: 67 arrows
Press: ? - help, Q - select action, (/) - cycle Shift-Dir - straight line, f/p - hound
Aim: a hound (inner flame, 51% to hit)
You shoot an arrow. The arrow misses the hound.
The arrow hits the centaur.
The centaur is lightly wounded.
The hound misses you. The hound bites you.
Fire: 66 arrows
Press: ? - help, Q - select action, (/) - cycle Shift-Dir - straight line, f/p - hound
Aim: a hound (inner flame, 51% to hit)
You shoot an arrow.
The arrow hits the hound but does no damage.
The hound bites you but does no damage.
Fire: 65 arrows
Press: ? - help, Q - select action, (/) - cycle Shift-Dir - straight line, f/p - hound
Aim: a hound (inner flame, 51% to hit)
You shoot an arrow. The arrow hits the hound!
Flame seeps out of the hound.
The hound is heavily wounded.
The hound is engulfed in blazing flames.
The hound explodes!
The fiery explosion engulfs you!!!
Ouch! That really hurt!
You die...

#...#≈≈÷..≈§§...≈...§§#.#
#...##≈≈§..≈§..≈...≈≈##.#
#....##§§.§§§.≈...§§##).#
##.....##≈≈.......≈≈###.##
#..#######≈≈.....≈≈## #.#
#..# ##§§§..≈≈## #.#
###^.# ##≈≈.§≈######o#
.....# ##§.≈##...##...#
###### ##@##........>.# #
#○#.<..........# #
#c§............# ####
###............# ...###
...)).......## .....#...
...()..#....## .........
....(#?....### .........
.....##.#..# #########
....c.. ..##


You could see a centaur.

Vanquished Creatures
  A black bear (D:4)
  A necrophage (D:3)
  An ogre (D:4)
  A scorpion (D:4)
  A water moccasin skeleton (D:5)
  3 hounds (D:5)
  An iguana (D:4)
  An orc wizard (D:5)
  A howler monkey skeleton (D:5)
  4 gnolls
  7 adders
  2 shadow imps (D:5)
  4 dart slugs
  4 orcs (D:5)
  6 endoplasms
  6 giant cockroaches
  5 goblins
  7 hobgoblins
  3 jackals
  12 kobolds
  6 quokkas
  7 ball pythons
  3 bats
  2 frilled lizards
  9 rats
98 creatures vanquished.

Notes
Turn   | Place    | Note
-------+----------+-------------------------------------------
     0 | D:1      | shoop the Barachi Arcane Marksman began the quest for the
                  | Orb.
     0 | D:1      | Reached XP level 1. HP: 15/15 MP: 2/2
    42 | D:1      | Found Lemumora's General Store.
    52 | D:1      | Bought a scroll of noise for 10 gold pieces
   201 | D:1      | Reached XP level 2. HP: 5/21 MP: 3/3
   210 | D:1      | HP: 1/21 [giant cockroach (2)]
   748 | D:1      | Reached skill level 3 in Bows
  1088 | D:1      | Reached XP level 3. HP: 21/26 MP: 4/4
  1092 | D:1      | Learned a level 3 spell: Inner Flame
  2777 | D:2      | Reached skill level 4 in Bows
  2777 | D:2      | Reached XP level 4. HP: 32/32 MP: 5/5
  3122 | D:3      | Found a faded altar of an unknown god.
  3147 | D:3      | Found a glowing drain.
  3756 | D:3      | Reached XP level 5. HP: 37/37 MP: 7/7
  4335 | D:3      | Found a shimmering altar of Xom.
  4335 | D:3      | Found a shimmering altar of Xom.
  4336 | D:3      | Found a shimmering altar of Xom.
  4552 | D:4      | Reached skill level 1 in Stealth
  4552 | D:4      | Reached skill level 1 in Fire Magic
  4708 | D:4      | Noticed a black bear
  4780 | D:4      | Noticed a necrophage
  4784 | D:4      | Reached XP level 6. HP: 20/44 MP: 4/9
  4962 | D:4      | Reached skill level 5 in Bows
  5013 | D:3      | Killed a necrophage
  5028 | D:3      | Learned a level 4 spell: Cause Fear
  5321 | D:4      | Killed a black bear
  5322 | D:4      | Reached XP level 7. HP: 50/50 MP: 6/10
  5666 | D:5      | Entered Level 5 of the Dungeon
  6250 | D:5      | Found a transporter.
  6256 | D:5      | Reached skill level 6 in Bows
  6676 | D:5      | Found a glowing silver altar of Zin.
  6735 | D:5      | Reached skill level 5 in Hexes
  6972 | D:5      | Killed by an exploding hound... ignited by their inner
                  | flame

Illustrated notes

Levels and vault maps discovered:
D:1:      minmay_arrival_shoal_huts, layout_basic, serial_shops,
          nicolae_shop_trees, minivault_26, minmay_pentomino_q4
D:2:      layout_basic
D:3:      layout_rooms, xom_redecorated, gup_sewer_entry_pipe,
          ebering_ecumenical_altar_hall
D:4:      layout_rooms
D:5:      gammafunk_steamed_eel, layout_rooms, kennysheep_diamond,
          nicolae_underground_beach

Skill      XL: |  1  2  3  4  5  6  7 |
---------------+----------------------+-----
Bows           | 3 4 5 6 |  6.2
Fighting       | 2 |  2.0
Stealth        | 1 2 |  2.0
Fire Magic     | 1 2 |  2.0
Spellcasting   | 2 |  2.7
Hexes          | 4 5 |  5.0
Dodging        | |  2.3

Action                   |  1- 3 |  4- 6 |  7- 9 || total
-------------------------+-------+-------+-------++-------
Melee: Short sword       |   146 |    57 |       ||   203
       Dagger            |       |    34 |    52 ||    86
 Fire: Shortbow          |    26 |    43 |    35 ||   104
 Cast: Inner Flame       |       |     9 |    10 ||    19
 Abil: Hop               |     1 |     6 |     1 ||     8
  Use: Potion            |     1 |       |       ||     1
 Stab: Sleeping          |     2 |       |       ||     2
Armor: Robe              |    33 |    25 |     7 ||    65
Dodge: Dodged            |    90 |    73 |    40 ||   203

Table legend: (Time is in decaauts)
 A = Elapsed time spent in this place.
 B = Non-inter-level travel time spent in this place.
 C = Inter-level travel time spent in this place.
 D = Time resting spent in this place.
 E = Time spent auto-exploring this place.
 F = Levels seen in this place.
 G = Mean time per level.
                   A        B        C        D        E       F      G
               +--------+--------+--------+--------+--------+-----+--------+
         Total |   7476 |   7227 |    249 |    672 |   5346 |   5 | 1495.2 |
       Dungeon |   7476 |   7227 |    249 |    672 |   5346 |   5 | 1495.2 |
               +--------+--------+--------+--------+--------+-----+--------+

Top non-repeatable levels by time:
     D:1: 2257 daAuts
     D:3: 2015 daAuts
     D:2: 1125 daAuts
     D:5: 1118 daAuts
     D:4: 959 daAuts
